 Dungeon Crawl Stone Soup version 0.30-a0-591-g3c58d2bc28 (webtiles) character file.

Game seed: 7908737059827683660

20867 bmack86 the Fighter (level 12, -19/115 HPs)
             Began as a Minotaur Fighter on Jan 6, 2023.
             Was a High Priest of Okawaru.
             Killed from afar by a bog body (22 damage)
             ... with a bolt of cold
             ... on level 2 of the Lair of Beasts.
             The game lasted 00:35:12 (11757 turns).

bmack86 the Fighter (Minotaur Fighter)             Turns: 11757, Time: 00:35:12

Health: -19/115    AC: 20    Str: 26    XL:     12   Next: 49%
Magic:  12/15      EV:  8    Int: 11    God:    Okawaru [*****.]
Gold:   582        SH:  7    Dex: 16    Spells: 11/11 levels left

rFire   . . .      SeeInvis .    e - +9 broad axe (heavy)
rCold   . . .      Faith    +    c - +0 buckler
rNeg    . . .      Spirit   .    o - +1 chain mail {Will+}
rPois   .          Reflect  .    (helmet restricted)
rElec   .          Harm     .    t - +0 cloak
rCorr   .          Rampage  .    z - +2 pair of gloves {infuse}
Will    +....                    l - +2 pair of boots Stlth
                                 s - amulet of faith
HPRegen 0.39/turn                k - +6 ring of intelligence
MPRegen 0.14/turn                D - +6 ring of dexterity

@: no status effects
A: horns 2, retaliatory headbutt
a: Renounce Religion, Heroism, Finesse, Duel


You were on level 2 of the Lair of Beasts.
You worshipped Okawaru.
Okawaru was extremely pleased with you.
You visited 3 branches of the dungeon, and saw 14 of its levels.

You collected 868 gold pieces.
You spent 286 gold pieces at shops.

Inventory:

Hand Weapons
 e - a +9 heavy broad axe (weapon)
Missiles
 a - 3 throwing nets
 r - 2 silver boomerangs (quivered)
 y - 12 boomerangs
 A - 3 silver javelins
Armour
 c - a +0 buckler (worn)
 l - a +2 pair of boots (worn)
 o - a +1 chain mail of willpower (worn)
 t - a +0 cloak (worn)
 z - a +2 pair of gloves of infusion (worn)
 H - a scarf of repulsion
Jewellery
 k - a +6 ring of intelligence (left hand)
 s - an amulet of faith (around neck)
 B - a ring of poison resistance
 D - a +6 ring of dexterity (right hand)
Wands
 p - a wand of mindburst (16)
 x - a wand of roots (30)
 G - a wand of digging (10)
Scrolls
 h - 7 scrolls of teleportation
 j - 5 scrolls of blinking
 m - 3 scrolls of amnesia
 n - 11 scrolls of identify
 v - 2 scrolls of vulnerability
 w - 4 scrolls of magic mapping
Potions
 b - a potion of cancellation
 d - 2 potions of might
 f - 7 potions of curing
 g - 5 potions of mutation
 i - 4 potions of heal wounds
 q - 4 potions of haste
 u - a potion of berserk rage
 C - a potion of ambrosia
 E - 2 potions of lignification
 F - a potion of invisibility
 I - a potion of flight


   Skills:
 * Level 13.3 Fighting
 * Level 13.1 Axes
 + Level 7.3 Throwing
 + Level 9.8 Armour
 + Level 9.8 Shields
 + Level 6.4 Invocations


You had 11 spell levels left.
You didn't know any spells.
Your spell library contained the following spells:

 Spells                   Type           Power      Damage    Failure   Level
 Beastly Appendage        Tmut           0%         N/A       90%         1
 Kiss of Death            Conj/Necr      0%         2d5       90%         1
 Blink                    Tloc           0%         N/A       97%         2
 Wereblood                Tmut           0%         N/A       97%         2
 Confusing Touch          Hex            0%         N/A       99%         3
 Kindle Blastsparks       Fire/Tloc/Air  0%         2d10      99%         3
 Portal Projectile        Hex/Tloc       0%         N/A       99%         3
 Spider Form              Tmut/Pois      0%         N/A       99%         3
 Dispel Undead            Necr           0%         3d6       100%        4
 Fulminant Prism          Conj/Hex       0%         3d5       100%        4
 Iskenderun's Mystic Bla  Conj/Tloc      0%         2d3       100%        4
 Manifold Assault         Tloc           0%         N/A       100%        4
 Petrify                  Tmut/Erth      0%         N/A       100%        4
 Blade Hands              Tmut           0%         N/A       100%        5
 Borgnjor's Vile Clutch   Necr/Erth      0%         N/A       100%        5
 Fireball                 Conj/Fire      0%         3d3       100%        5
 Iskenderun's Battlesphe  Conj           0%         2d6       100%        5
 Lee's Rapid Deconstruct  Erth           0%         3d4*      100%        5
 Conjure Ball Lightning   Conj/Air       0%         3x3d6     100%        6
 Orb of Destruction       Conj           0%         9d5       100%        7
 Storm Form               Tmut/Air       0%         N/A       100%        7
 Tukima's Dance           Hex            Unusable   N/A       N/A         3

Dungeon Overview and Level Annotations

Branches:
Dungeon (11/15)            Temple (1/1) D:4            Lair (2/5) D:11
  Swamp: Lair:2-3    Shoals: Lair:2-3     Snake: Lair:2-3    Spider: Lair:2-3
    Orc: D:9-12

Altars:
Ashenzari
Cheibriados
Dithmenos
Elyvilon
Fedhas
Gozag
Hepliaklqana
Kikubaaqudgha
Makhleb
Nemelex Xobeh
Okawaru
Qazlal
Ru
Sif Muna
Trog
Uskayaw
Vehumet
Wu Jian
Xom
Yredelemnul
Zin
The Shining One

Shops:
D:3 :*![   D:7 (   D:11 :


Innate Abilities, Weirdness & Mutations

You have a pair of horns on your head.
You reflexively headbutt those who attack you in melee.


Message History

The bog body touches you! The bog body freezes you!!
You closely miss the bog body. You headbutt the bog body!
The bog body is moderately damaged.
The bog body completely misses you. You furiously retaliate!
You headbutt the bog body! You slice the bog body!!
You destroy the bog body!
Okawaru accepts your kill.
Your Axes skill increases to level 13!
You see here a bog body corpse.
A bog body comes into view.
The bog body points at you and mumbles some strange words.
You resist with almost no effort.
You cut the bog body into ribbons!!!
The bog body is almost destroyed.
A swamp worm comes into view.
The bog body touches you! The bog body freezes you!
* * * LOW HITPOINT WARNING * * *
You slash the bog body!
You destroy the bog body!
Okawaru accepts your kill.
A bog body comes into view.
You see here a bog body corpse.
You carve the swamp worm like a ham!!!
You kill the swamp worm!
Okawaru accepts your kill.
An electric eel comes into view.
The bog body touches you but does no damage.
You hit the bog body. You headbutt the bog body!
The bog body is moderately damaged.
The bog body touches you but does no damage.
The bog body touches you.
* * * LOW HITPOINT WARNING * * *
The bog body freezes you!!
* * * LOW HITPOINT WARNING * * *
You closely miss the bog body.
The bog body is moderately damaged.
The bog body gestures at you while chanting.
The bolt of cold hits you!!
You die...

....# #
♣♣..♣♣.....#
.....
♣~†♣≈♣......#
..#..
♣≈..~♣.....##
.....
♣~.♣~♣.P#.##
.#...
♣~..≈♣.####
.# ♣≈.♣~♣♣#
.# ♣♣†.♣♣ ##
♣~.♣≈♣ .#
♣≈@.≈♣ .#
♣~n♣~♣ ##
♣~..§♣ #####
♣§♣§~♣
#...### ♣S
§~♣ ...#.P#
♣§ §~♣
......# ♣§
§§♣ ......#
♣§ ≈≈♣
......#


You could see a bog body and an electric eel.

Vanquished Creatures
  Josephine (D:11)
  2 hydras (Lair:2)
  A two-headed ogre (D:10)
  Sonja (Lair:1)
  3 bog bodies (Lair:2)
  Pikel (D:7)
  A cyclops (D:9)
  An ugly thing (D:11)
  Joseph (Lair:1)
  A black mamba (Lair:2)
  3 elephants (Lair:2)
  4 cane toads
  Maggie (Lair:1)
  A komodo dragon (Lair:1)
  A rime drake (Lair:2)
  A troll (D:10)
  A hornet (D:7)
  4 blink frogs (Lair:1)
  2 shadows (D:11)
  2 wyverns
  4 wraiths
  12 yaks
  3 basilisks
  8 vampire mosquitoes (D:11)
  The ghost of wormed the Changer, an amateur OpTm (D:3)
  A swamp worm (Lair:2)
  5 water moccasins
  Duvessa (D:6)
  6 orc warriors
  2 ice beasts
  A sky beast (D:7)
  5 black bears
  9 centaurs
  4 ogres
  A kobold brigand (D:10)
  4 lemures (D:7)
  2 phantoms
  A necrophage (D:6)
  5 bullfrogs
  A gnoll sergeant (D:8)
  5 scorpions
  5 wights
  Dowan (D:6)
  11 killer bees
  6 electric eels (D:11)
  4 howler monkeys
  3 jellies
  2 hounds
  A gnoll bouda (D:10)
  5 orc priests
  Jessica (D:3)
  5 iguanas
  Natasha (thrice) (D:4)
  3 orc wizards
  Robin (D:2)
  15 gnolls
  5 adders
  A white imp (D:8)
  3 ufetubi
  2 worms
  3 dart slugs
  22 orcs
  7 ball pythons
  2 bats (D:1)
  5 endoplasms
  A giant cockroach (D:1)
  15 goblins
  11 hobgoblins
  8 jackals
  2 quokkas
  A frilled lizard (D:1)
  5 kobolds
  11 rats
284 creatures vanquished.

Vanquished Creatures (others)
  11 fungi
  38 plants
49 creatures vanquished.

Grand Total: 333 creatures vanquished

Notes
Turn   | Place    | Note
-------+----------+-------------------------------------------
     0 | D:1      | bmack86 the Minotaur Fighter began the quest for the Orb.
     0 | D:1      | Reached XP level 1. HP: 19/19 MP: 0/0
   145 | D:1      | Reached XP level 2. HP: 23/27 MP: 1/1
   275 | D:1      | Reached XP level 3. HP: 33/33 MP: 2/2
   556 | D:2      | Got Sif Muna's Tome of the Stony Morgue
   813 | D:2      | Reached XP level 4. HP: 41/41 MP: 3/3
  1125 | D:2      | Noticed Robin
  1135 | D:2      | Killed Robin
  1386 | D:3      | Noticed Jessica
  1393 | D:3      | Killed Jessica
  1394 | D:3      | Reached skill level 5 in Fighting
  1414 | D:3      | Found a runed translucent door.
  1414 | D:3      | Noticed wormed's ghost (amateur OpTm)
  1469 | D:3      | Killed wormed's ghost
  1470 | D:3      | Reached skill level 1 in Throwing
  1470 | D:3      | Reached XP level 5. HP: 21/48 MP: 4/4
  1619 | D:3      | Found a white marble altar of Elyvilon.
  1676 | D:3      | Found Fetaew's Book Boutique.
  1736 | D:3      | Found Likk's General Store.
  1744 | D:3      | Bought a +0 cloak for 58 gold pieces
  1744 | D:3      | Bought a scroll of identify for 26 gold pieces
  1772 | D:3      | Found Hoshoe's Antique Armour Shop.
  1866 | D:3      | Found Xyoh's Distillery.
  2036 | D:4      | You fall into a shaft and drop 1 floor!
  2036 | D:5      | Entered Level 5 of the Dungeon
  2037 | D:5      | Noticed an ogre
  2042 | D:5      | Killed an ogre
  2043 | D:5      | Reached XP level 6. HP: 41/57 MP: 5/5
  2161 | D:5      | Noticed a water moccasin
  2174 | D:5      | Killed a water moccasin
  2175 | D:5      | Reached skill level 5 in Axes
  2351 | D:5      | Reached skill level 5 in Shields
  2351 | D:5      | Reached XP level 7. HP: 63/63 MP: 6/6
  2379 | D:5      | Reached skill level 5 in Armour
  2781 | D:4      | Found a sparkling altar of Nemelex Xobeh.
  2912 | D:4      | Noticed Natasha
  2916 | D:4      | Killed Natasha
  3171 | D:4      | Found a staircase to the Ecumenical Temple.
  3181 | Temple   | Entered the Ecumenical Temple
  3197 | Temple   | Became a worshipper of Warmaster Okawaru
  3453 | D:4      | Reached XP level 8. HP: 73/73 MP: 7/7
  3467 | D:4      | Noticed Natasha
  3472 | D:4      | Killed Natasha
  3493 | D:4      | Noticed Natasha
  3505 | D:4      | Killed Natasha
  3663 | D:5      | Identified a scroll of acquirement
  3663 | D:5      | Acquired a +2 heavy broad axe
  4017 | D:5      | Reached * piety under Okawaru
  4185 | D:3      | Bought a runed chain mail for 202 gold pieces
  4420 | D:6      | Reached skill level 1 in Invocations
  4604 | D:6      | Reached ** piety under Okawaru
  4611 | D:6      | Noticed Duvessa
  4614 | D:6      | Noticed Dowan
  4617 | D:6      | Killed Duvessa
  4618 | D:6      | Reached XP level 9. HP: 73/82 MP: 9/9
  4623 | D:6      | Killed Dowan
  4881 | D:7      | Found an opulent altar of Gozag.
  5031 | D:7      | Noticed Pikel
  5040 | D:7      | Killed Pikel
  5047 | D:7      | Reached *** piety under Okawaru
  5159 | D:7      | Found Furoc's Weapon Emporium.
  5680 | D:8      | Received a gift from Okawaru
  5712 | D:8      | Found a snail-covered altar of Cheibriados.
  6500 | D:9      | Reached XP level 10. HP: 59/93 MP: 9/11
  6708 | D:9      | Received a gift from Okawaru
  6712 | D:9      | Reached skill level 10 in Fighting
  6804 | D:9      | Reached skill level 5 in Throwing
  6834 | D:9      | Reached **** piety under Okawaru
  6834 | D:9      | Received a gift from Okawaru
  7280 | D:9      | Noticed a cyclops
  7293 | D:9      | Killed a cyclops
  7294 | D:9      | Reached skill level 10 in Axes
  7863 | D:10     | Entered Level 10 of the Dungeon
  8055 | D:10     | Found a broken altar of Ashenzari.
  8068 | D:10     | Found a burning altar of Makhleb.
  8380 | D:10     | Noticed a two-headed ogre
  8386 | D:10     | Killed a two-headed ogre
  8704 | D:11     | Noticed Josephine
  8716 | D:11     | Killed Josephine
  8720 | D:11     | Reached ***** piety under Okawaru
  8721 | D:11     | Reached XP level 11. HP: 75/102 MP: 3/13
  8901 | D:11     | Found Anuiha's Book Shoppe.
  9115 | D:11     | Noticed a brown ugly thing
  9124 | D:11     | Killed a brown ugly thing
  9124 | D:11     | Received a gift from Okawaru
  9167 | D:11     | Reached skill level 5 in Invocations
  9171 | D:11     | Received a gift from Okawaru
  9325 | D:11     | HP: 2/104 [electric eel/bolt of electricity (10)]
  9389 | D:11     | Found a staircase to the Lair.
  9694 | D:11     | Received a gift from Okawaru
 10167 | Lair:1   | Entered Level 1 of the Lair of Beasts
 10358 | Lair:1   | Noticed Sonja
 10366 | Lair:1   | Noticed Maggie
 10369 | Lair:1   | Killed Sonja
 10369 | Lair:1   | Received a gift from Okawaru
 10376 | Lair:1   | Killed Maggie
 10812 | Lair:1   | Noticed Joseph
 10819 | Lair:1   | Killed Joseph
 10820 | Lair:1   | Reached XP level 12. HP: 113/113 MP: 12/15
 11099 | Lair:2   | Received a gift from Okawaru
 11354 | Lair:2   | Noticed an eight-headed hydra
 11360 | Lair:2   | Killed a ten-headed hydra
 11378 | Lair:2   | Noticed an eight-headed hydra
 11391 | Lair:2   | Killed a 13-headed hydra
 11391 | Lair:2   | Identified the +6 war axe "Tegoh" {distort, Fly rN+ Int-5}
                  | (Okawaru gifted it to you on level 2 of the Lair of Beasts)
 11391 | Lair:2   | Received a gift from Okawaru
 11756 | Lair:2   | HP: 2/115 [bog body (27)]
 11757 | Lair:2   | Killed from afar by a bog body

Illustrated notes

Levels and vault maps discovered:
D:1:      eino_arrival_water_star, layout_rooms
D:2:      layout_basic, uniq_robin
D:3:      layout_rooms, mainiacjoe_overflow_alcove_1,
          hellmonk_ghost_happy_afterlife, serial_shops, shop, shop,
          shop_fountains, nicolae_square_shop, uniq_jessica
D:4:      layout_loops_ring, lemuel_coloured_pillars_altar, temple_hall,
          uniq_natasha
D:5:      layout_basic, chequers_decorated_corner, minmay_misc_feat_tower,
          nicolae_sextant, serial_bayou_pond_b
D:6:      layout_cave_pools, uniq_duvessa
D:7:      layout_cave_pools, old_standard_altar, serial_shops,
          nicolae_shop_bloodbath_and_beyond, bh_walls_and_bars, uniq_pikel
D:8:      layout_loops_ring, cheibriados_altar_1, ebering_dispersal_statue_hall
D:9:      layout_basic, minmay_holes, minmay_sticks_and_stones
D:10:     layout_loops_ring, mainiacjoe_overflow_catwalk_spiral
D:11:     layout_basic, grunt_lair_entry_orc_guard_hut, serial_shops, shop,
          serial_bayou_ford_a, uniq_josephine
Temple:   eino_temple_scatter_basement
Lair:1:   layout_regular_city, infiniplex_staircase_pool, grunt_megastairs_4,
          lemuel_fruit_tree, uniq_maggie, uniq_sonja, uniq_joseph
Lair:2:   layout_misc_corridors, nicolae_swamp_entry_splash_gauntlet,
          serial_bayou_shore_b

Skill      XL: |  1  2  3  4  5  6  7  8  9 10 11 12 |
---------------+-------------------------------------+-----
Fighting       | 4 5 6 7 8 9 11 12 13 | 13.3
Axes           | 3 4 5 6 7 9 10 12 13 | 13.1
Shields        | 4 5 6 7 8 9 |  9.8
Armour         | 4 5 6 7 8 9 |  9.8
Throwing       | 1 2 3 4 5 6 7 |  7.3
Invocations    | 2 3 4 5 6 |  6.4

Action                   |  1- 3 |  4- 6 |  7- 9 | 10-12 || total
-------------------------+-------+-------+-------+-------++-------
Melee: War axe           |    71 |    92 |    92 |       ||   255
       Headbutt          |     7 |    13 |    27 |    48 ||    95
       Broad axe         |       |       |   116 |   238 ||   354
Throw: Boomerang         |       |       |       |    40 ||    40
Invok: Heroism           |       |       |       |     7 ||     7
       Finesse           |       |       |       |     3 ||     3
  Use: Scroll            |     2 |     2 |    18 |     7 ||    29
       Potion            |       |     2 |       |     2 ||     4
Armor: Scale mail        |    43 |    66 |    74 |       ||   183
       Chain mail        |       |       |    99 |   191 ||   290
Dodge: Dodged            |    40 |    36 |   133 |   128 ||   337
Block: Buckler           |    16 |    22 |    59 |   105 ||   202

Table legend: (Time is in decaauts)
 A = Elapsed time spent in this place.
 B = Non-inter-level travel time spent in this place.
 C = Inter-level travel time spent in this place.
 D = Time resting spent in this place.
 E = Time spent auto-exploring this place.
 F = Levels seen in this place.
 G = Mean time per level.
                   A        B        C        D        E       F      G
               +--------+--------+--------+--------+--------+-----+--------+
         Total |  12093 |  11558 |    535 |    440 |   7545 |  14 |  863.8 |
       Dungeon |  10329 |   9835 |    494 |    440 |   6244 |  11 |  939.0 |
        Temple |    158 |    158 |      0 |      0 |    124 |   1 |  158.0 |
          Lair |   1605 |   1564 |     41 |      0 |   1177 |   2 |  802.5 |
               +--------+--------+--------+--------+--------+-----+--------+

Top non-repeatable levels by time:
     D:9: 1454 daAuts
    D:11: 1435 daAuts
     D:5: 1209 daAuts
     D:4: 1004 daAuts
    D:10: 964 daAuts
  Lair:1: 884 daAuts
     D:7: 864 daAuts
     D:2: 829 daAuts
     D:8: 796 daAuts
     D:3: 774 daAuts
  Lair:2: 721 daAuts
     D:1: 536 daAuts
     D:6: 460 daAuts
  Temple: 158 daAuts
